 Dungeon Crawl Stone Soup version 0.22-a0-162-g33bf127 (webtiles) character file.

206 mhoghedin the Insei (level 5, -7/40 HPs)
             Began as a Draconian Transmuter on Feb 12, 2018.
             Killed from afar by an orc wizard (10 damage)
             ... with a magic dart
             ... on level 3 of the Dungeon.
             The game lasted 00:06:00 (3415 turns).

mhoghedin the Insei (Draconian Transmuter)          Turns: 3415, Time: 00:06:01

Health: -7/40      AC:  2    Str: 12    XL:     5   Next: 53%
Magic:  5/8        EV: 19    Int: 13    God:
Gold:   41         SH:  0    Dex: 18    Spells: 2/8 levels left

rFire    . . .     SeeInvis .     - Unarmed
rCold    . . .     Gourm    .   (shield currently unavailable)
rNeg     . . .     Faith    .   (armour unavailable)
rPois    x         Spirit   .   (helmet currently unavailable)
rElec    .         Reflect  .   (cloak currently unavailable)
rCorr    .         Harm     .   (gloves currently unavailable)
MR       .....                  (boots currently unavailable)
Stlth    ++........             (no amulet)
HPRegen  0.13/turn              (no ring)
MPRegen  0.11/turn              (no ring)

@: lethally poisoned (-7 -> -30), spider-form
A: tiny, unfitting armour, AC +5
a: End Transformation


You were on level 3 of the Dungeon.
You were not hungry.
You were a venomous arachnid creature.
You visited 1 branch of the dungeon, and saw 3 of its levels.

You collected 41 gold pieces.

Inventory:

Missiles
 a - 20 arrows
 j - a throwing net {=f, !d}
Scrolls
 e - 3 scrolls of identify {unknown}
 f - a scroll of teleportation {unknown}
 g - 3 scrolls of blinking {unknown}
 h - 2 scrolls of remove curse {unknown}
 l - a scroll of amnesia {unknown}
Potions
 d - a potion of resistance {unknown}
 i - a potion of mutation {unknown}
 k - a potion of berserk rage {!q}
 m - a potion of might {unknown}
 n - a potion of lignification {unknown}
Books
 b - a book of Changes
Comestibles
 c - 4 rations


   Skills:
 - Level 1.1 Fighting
 - Level 1.7 Dodging
 + Level 4.7 Unarmed Combat
 - Level 2.0 Spellcasting
 + Level 4.1 Transmutations
 + Level 1.5 Poison Magic


You had 2 spell levels left.
You knew the following spells:

 Your Spells              Type           Power        Failure   Level  Hunger
a - Beastly Appendage     Tmut           ##....       14%         1    ##.....
c - Spider Form           Tmut/Pois      #.........   45%         3    ####...
s - Sticks to Snakes      Tmut           ##......     19%         2    ###....


Dungeon Overview and Level Annotations

Branches:
Dungeon (3/15)

Altars:
Fedhas
Qazlal
Yredelemnul
Zin


Innate Abilities, Weirdness & Mutations

((Your plain brown scales are hard. (AC +5)))
You cannot fit into any form of body armour.
((You are cold-blooded and may be slowed by cold attacks.))


Message History

No target in view!
No target in view!
No target in view!
No target in view!
No target in view!
As you open the door, it creaks loudly!
Found a basalt altar of Yredelemnul.
There is an open door here.
There is an open door here.
Found a stone staircase leading down.
A worm comes into view.
Casting: Sticks to Snakes (safe; 7% risk of failure)
You turn into a venomous arachnid creature.
You now have 5/8 mp.
Your transformation is almost over.
You see here a glowing emerald potion.
The worm misses you.
You hit the worm.
The worm is poisoned.
The worm completely misses you.
You hit the worm.
The worm looks as sick as possible!
You completely miss the worm. The worm barely misses you.
You hit the worm.
You kill the worm!
You are feeling very hungry.
n - a glowing emerald potion You butcher the worm corpse.
o - a chunk of flesh {@w0} Eating a chunk of flesh {@w0}.
You eat the chunk of flesh {@w0}.
Your transformation has ended.
You open the door.
There is an open door here.
A bat comes into view.
MP restored: 8 A bat is nearby!
The bat misses you.
You punch the bat!
You kill the bat!
No target in view!
No target in view!
No target in view!
No target in view!
No target in view!
No target in view!
No target in view!
No target in view!
No target in view!
No target in view!
No target in view!
No target in view!
No target in view!
No target in view!
An orc wizard comes into view. It is wielding a dagger of venom.
An orc wizard is nearby!
The orc wizard shouts!
You hear a shout!
A rat comes into view.
An orc comes into view. It is wielding a short sword.
The orc wizard looks satisfied for a moment. 2 orcs come into view.
An orc comes into view. It is wielding a flail.
The orc shouts! x2; You hear a shout! x2
The orc wizard gestures wildly while chanting.
The orc wizard seems to speed up.
The orc wizard begins to cast a cantrip, but forgets the words!
You turn into a venomous arachnid creature.
The orc wizard gestures wildly while chanting.
The orc wizard flickers and vanishes!
Deactivating autopickup; reactivate with Ctrl-A.
You now have 5/8 mp.
You hit the rat.
The rat is poisoned.
The rat barely misses you.
You hit the rat.
You kill the rat!
A puff of frost appears from out of thin air!
The puff of frost hits you!
You take 9 damage, and have 31/40 hp.
MASSIVE DAMAGE!!
A magic dart appears from out of thin air!
The magic dart hits you!
You take 10 damage, and have 21/40 hp.
MASSIVE DAMAGE!!
Something hits you.
You are poisoned.
You hear some strange, mumbled words.
A magic dart appears from out of thin air!
The magic dart hits you!
* * * LOW HITPOINT WARNING * * *
You see here a rat corpse.
You take 14 damage, and have 7/40 hp.
MASSIVE DAMAGE!!
The orc shouts!
You hit something but do no damage.
* * * LOW HITPOINT WARNING * * *
You feel sick. Something hits you but does no damage.
You are more poisoned.
You take 2 damage, and have 5/40 hp.
You barely miss something.
* * * LOW HITPOINT WARNING * * *
You feel sick.
You hear some strange, mumbled words.
A magic dart appears from out of thin air!
The magic dart hits you!
You die...

##.......# #.#.....
.........####+##'#....
###'###.............# # #.#
#.............#
###.###.............# .....##....
###_..+.........o...##..#..#..#..
###.###..####..oo......###...###.
# #.# #.......##{#......#..#..#..
###+###..###..##s####............
..............##.# #..#.........
#####.........##.# #............
#.........##.####...#.....#..
#.........##...###.###...###.
#.........##...###..#.....#..
#..............'........#...#
####.####.##...###....#.##..#
########.####...................#


You could see 3 orcs.

Vanquished Creatures
  An orc priest (D:3)
  An orc wizard (D:3)
  4 gnolls (D:2)
  2 adders (D:2)
  An ooze (D:2)
  3 worms
  A dart slug (D:2)
  4 leopard geckos (D:2)
  6 orcs (D:3)
  6 bats
  3 giant cockroaches
  3 goblins
  3 hobgoblins
  4 kobolds
  4 frilled lizards
  11 rats
57 creatures vanquished.

Vanquished Creatures (collateral kills)
  An orc wizard (D:3)
  2 orcs (D:3)
3 creatures vanquished.

Grand Total: 60 creatures vanquished

Notes
Turn   | Place    | Note
-------+----------+-------------------------------------------
     0 | D:1      | mhoghedin the Draconian Transmuter began the quest for the Orb.
     0 | D:1      | Reached XP level 1. HP: 16/16 MP: 3/3
   388 | D:1      | Reached XP level 2. HP: 20/23 MP: 3/5
  1022 | D:2      | Learned a level 2 spell: Sticks to Snakes
  1379 | D:2      | Reached XP level 3. HP: 27/28 MP: 3/6
  1381 | D:2      | Reached skill level 3 in Transmutations
  1431 | D:2      | Found a glowing silver altar of Zin.
  1546 | D:2      | Reached skill level 4 in Unarmed Combat
  1574 | D:2      | Reached XP level 4. HP: 26/35 MP: 7/7
  1579 | D:2      | HP: 7/52 [gnoll/halberd (12)]
  2044 | D:2      | Learned a level 3 spell: Spider Form
  2213 | D:3      | Reached XP level 5. HP: 16/40 MP: 8/8
  2214 | D:3      | HP: 8/40 [orc/hand axe (8)]
  2571 | D:3      | Found a stormy altar of Qazlal.
  2678 | D:3      | Found a blossoming altar of Fedhas.
  2690 | D:3      | Reached skill level 4 in Transmutations
  2690 | D:3      | Reached skill level 1 in Poison Magic
  3287 | D:3      | Found a basalt altar of Yredelemnul.
  3413 | D:3      | HP: 7/40 [something/magic dart (10)]
  3415 | D:3      | HP: 3/40 [poisoned by an orc wizard]
  3415 | D:3      | Killed from afar by an orc wizard

Vault maps used:
D:1:      saegor_arrival_miasma
D:2:      zin_academy, patterned_corridor
D:3:      grunt_temple_overflow_forces_of_nature, lemuel_doored_altar,
          minmay_strange_pillars, minmay_stone_trees_small

Skill      XL: |  1  2  3  4  5 |
---------------+----------------+-----
Transmutations | 3 4 |  4.1
Unarmed Combat | 4 |  4.7
Poison Magic   | 1 |  1.5
Fighting       | |  1.1
Dodging        | |  1.7
Spellcasting   | |  2.0

Action                   |  1- 3 |  4- 6 || total
-------------------------+-------+-------++-------
Melee: Unarmed           |   103 |    93 ||   196
       Kick              |    11 |     4 ||    15
       Tailslap          |    11 |    10 ||    21
       Headbutt          |     4 |     8 ||    12
       Punch             |       |     2 ||     2
 Cast: Beastly Appendage |    19 |    13 ||    32
       Sticks to Snakes  |       |     5 ||     5
       Spider Form       |       |     2 ||     2
  Use: Potion            |     1 |       ||     1
 Stab: Sleeping          |     1 |     1 ||     2
  Eat: Chunk             |     2 |     7 ||     9
Armor: Skin              |    26 |    24 ||    50
Dodge: Dodged            |    77 |    50 ||   127

Table legend:
 A = Spawn XP
 B = Non-spawn XP
 C = Spawn XP percentage of total XP
 D = Spawn monster count
 E = Non-spawn monster count
 F = Spawn count percentage of total count
 G = Total turns spent on level
                    A         B        C        D         E        F      G
               +---------+---------+-------+---------+---------+-------+---------
         Total |       0 |     295 |   0.0 |       0 |      60 |   0.0 |  3415
               +---------+---------+-------+---------+---------+-------+---------
           D:1 |       0 |      17 |   0.0 |       0 |      11 |   0.0 |   830
           D:2 |       0 |     137 |   0.0 |       0 |      25 |   0.0 |  1372
           D:3 |       0 |     141 |   0.0 |       0 |      24 |   0.0 |  1213
               +---------+---------+-------+---------+---------+-------+---------

Vault maps used:
D:1:      saegor_arrival_miasma
D:2:      zin_academy, patterned_corridor
D:3:      grunt_temple_overflow_forces_of_nature, lemuel_doored_altar,
          minmay_strange_pillars, minmay_stone_trees_small

Table legend:
 A = Turns spent in this place as a percentage of turns spent in the entire game.
 B = Non-inter-level travel turns spent in this place as a percentage of non-inter-level travel turns spent in the entire game.
 C = Inter-level travel turns spent in this place as a percentage of turns spent in this place.
 D = Turns resting spent in this place as a percentage of non-inter-level travel turns spent in this place.
 E = Turns spent auto-exploring this place as a percentage of non-inter-level travel turns spent in this place.
 F = Non-inter-level travel turns spent in this place divided by the number of levels of this place that you've seen.
                   A       B       C       D       E      F
               +-------+-------+-------+-------+-------+----------------------
         Total | 100.0 | 100.0 |   1.2 |  32.1 |  50.6 | 1125.0
       Dungeon | 100.0 | 100.0 |   1.2 |  32.1 |  50.6 | 1125.0
               +-------+-------+-------+-------+-------+----------------------

Table legend:
 A = Kills in this place as a percentage of kills in entire the game.
 B = Kills by you in this place as a percentage of kills by you in the entire game.
 C = Kills by friends in this place as a percentage of kills by friends in the entire game.
 D = Other kills in this place as a percentage of other kills in the entire game.
 E = Experience gained in this place as a percentage of experience gained in the entire game.
 F = Experience gained in this place divided by the number of levels of this place that you have seen.
                   A       B       C       D       E      F
               +-------+-------+-------+-------+-------+----------------------
         Total | 100.0 | 100.0 | 100.0 |   N/A | 100.0 |  98.3
       Dungeon | 100.0 | 100.0 | 100.0 |   N/A | 100.0 |  98.3
               +-------+-------+-------+-------+-------+----------------------
